 Dungeon Crawl Stone Soup version 0.30-a0-177-g1cb5dbfd7a (webtiles) character file.

Game seed: 15994983715129730326

101745 trckry the Earth Mage (level 16, -1/92 (117) HPs)
             Began as a Formicid Earth Elementalist on Oct 2, 2022.
             Was a High Priest of Qazlal.
             Slain by an Executioner (10 damage)
             ... summoned by Asterion
             ... on level 3 of the Lair of Beasts.
             The game lasted 01:57:30 (38635 turns).

trckry the Earth Mage (FoEE)                       Turns: 38635, Time: 01:57:30

HP:   -1/92 (117)   AC: 13    Str: 13    XL:     16   Next: 83%
MP:   0/37          EV:  6    Int: 29    God:    Qazlal [*****.]
Gold: 2614          SH:  0    Dex: 14    Spells: 12/32 levels left

rFire   . . .      SeeInvis +    p - +0 quarterstaff (freeze)
rCold   . . .      Faith    .    a - +0 buckler
rNeg    . . .      Spirit   +    M - +2 robe {Will+}
rPois   .          Reflect  .    (helmet unavailable)
rElec   .          Harm     .    C - +1 cloak
rCorr   .          Rampage  .    F - +0 pair of gloves
Will    ++...                    j - +2 pair of boots
Stlth   +.........               T - amulet of guardian spirit
HPRegen 0.35/turn                c - +6 ring of intelligence
MPRegen 0.25/turn                Q - ring of magical power

@: protected from physical damage, held, studying Long Blades, heavily drained,
repel missiles
A: permanent stasis, dig shafts and tunnels, antennae 3, four strong arms
a: Dig, Shaft Self, Renounce Religion, Upheaval, Elemental Force, Disaster Area


You were on level 3 of the Lair of Beasts.
You worshipped Qazlal.
Qazlal was extremely pleased with you.
You visited 5 branches of the dungeon, and saw 24 of its levels.

You collected 2993 gold pieces.
You spent 379 gold pieces at shops.

Inventory:

Hand Weapons
 p - a +0 quarterstaff of freezing (weapon)
 s - a +1 lajatang
Missiles
 o - 3 throwing nets
 r - 2 curare-tipped darts (quivered)
Armour
 a - a +0 buckler (worn)
 j - a +2 pair of boots (worn)
 C - a +1 cloak (worn)
 F - a +0 pair of gloves (worn)
 G - a +1 robe of positive energy
 K - a +0 tower shield
 M - a +2 robe of willpower (worn)
Jewellery
 c - a +6 ring of intelligence (left hand)
 d - a ring of wizardry
 g - a ring of flight
 l - the ring of Voer {rC- Will+ rCorr Dex+10}
   (You found it on level 4 of the Lair of Beasts)

   [ring of willpower]

   Dex:       It affects your dexterity (+10).
   rC:        It makes you vulnerable to cold.
   rCorr:     It protects you from acid and corrosion.
   Will:      It increases your willpower.
 n - a ring of ice
 v - a ring of protection from fire
 Q - a ring of magical power (right hand)
 T - an amulet of guardian spirit (around neck)
Wands
 b - a wand of mindburst (28)
 m - a wand of light (9)
 q - a wand of digging (6)
 D - a wand of paralysis (20)
 J - a wand of roots (19)
 P - a wand of flame (46)
Scrolls
 e - 2 scrolls of amnesia
 k - 5 scrolls of identify
 x - a scroll of acquirement
 y - 4 scrolls of magic mapping
 z - 2 scrolls of silence
 E - 2 scrolls of fog
 H - a scroll of poison
 R - 2 scrolls of enchant armour
Potions
 f - 2 potions of invisibility
 h - 13 potions of curing
 i - 3 potions of brilliance
 t - 6 potions of might
 u - a potion of heal wounds
 w - 2 potions of resistance
 I - 2 potions of mutation
 U - a potion of cancellation


   Skills:
 + Level 8.2 Fighting
 - Level 3.0 Armour
 - Level 3.0 Dodging
 - Level 3.0 Stealth
 - Level 6.0 Shields
 + Level 8.8 Spellcasting
 * Level 12.7 Conjurations
 - Level 3.0 Transmutations
 * Level 12.4 Ice Magic
 + Level 16.1 Earth Magic
 * Level 13.0 Invocations
 + Level 5.9 Evocations


You had 12 spell levels left.
You knew the following spells:

 Your Spells              Type           Power      Damage    Failure   Level
a - Sandblast             Erth           100%       2d20      0%          1
b - Stone Arrow           Conj/Erth      100%       3d13      1%          3
c - Ozocubu's Armour      Ice            71%        N/A       1%          3
d - Iron Shot             Conj/Erth      38%        9d8       1%          6
e - Ozocubu's Refrigerat  Ice            35%        4d15      26%         7

Your spell library contained the following spells:

 Spells                   Type           Power      Damage    Failure   Level
 Kiss of Death            Conj/Necr      100%       2d13      1%          1
 Momentum Strike          Conj/Tloc      98%        3d10      1%          2
 Passwall                 Tmut/Erth      51%        N/A       1%          2
 Animate Armour           Summ/Erth      100%       N/A       1%          4
 Petrify                  Tmut/Erth      62%        N/A       1%          4
 Flame Wave               Conj/Fire      49%        2d12      3%          4
 Sticky Flame             Conj/Fire      49%        2d7       3%          4
 Apportation              Tloc           24%        N/A       4%          1
 Necrotise                Necr           48%        1d6       4%          1
 Summon Small Mammal      Summ           48%        N/A       4%          1
 Cigotuvi's Dreadful Rot  Necr/Pois/Air  24%        N/A       8%          2
 Poisonous Vapours        Pois/Air       24%        N/A       8%          2
 Scorch                   Fire           24%        2d6       8%          2
 Ignite Poison            Fire/Tmut/Pois 18%        N/A       10%         3
 Metabolic Englaciation   Hex/Ice        24%        N/A       11%         5
 Confusing Touch          Hex            12%        N/A       16%         3
 Lesser Beckoning         Tloc           12%        N/A       16%         3
 Portal Projectile        Hex/Tloc       24%        N/A       16%         3
 Tukima's Dance           Hex            12%        N/A       16%         3
 Statue Form              Tmut/Erth      41%        N/A       16%         6
 Blade Hands              Tmut           15%        N/A       38%         5
 Animate Dead             Necr           12%        N/A       45%         4
 Dispel Undead            Necr           12%        3d9       45%         4
 Manifold Assault         Tloc           12%        N/A       45%         4
 Alistair's Intoxication  Tmut/Pois      14%        N/A       58%         5
 Summon Cactus Giant      Summ           6%         N/A       100%        6
 Haunt                    Necr/Summ      6%         N/A       100%        7
 Storm Form               Tmut/Air       10%        N/A       100%        7
 Ignition                 Fire           6%         3d4       100%        8
 Infestation              Necr           6%         N/A       100%        8
 Blink                    Tloc           Unusable   N/A       N/A         2

Dungeon Overview and Level Annotations

Branches:
Dungeon (15/15) Zot: 24915  Temple (1/1) D:5 Zot: 5925    Lair (5/5) D:8 Zot: 19144
 Shoals (0/4) Lair:3       Spider (1/4) Lair:3 Zot: 5437   Slime (0/5) Lair:5
    Orc (2/2) D:12 Zot: 8983     Elf (0/3) Orc:2        Vaults (0/5) D:13
 Depths (0/4) D:15

Altars:
Ashenzari
Cheibriados
Dithmenos
Elyvilon
Fedhas
Gozag
Hepliaklqana
Kikubaaqudgha
Makhleb
Nemelex Xobeh
Okawaru
Qazlal
Ru
Sif Muna
Trog
Uskayaw
Vehumet
Wu Jian
Xom
Yredelemnul
Zin
The Shining One
Jiyva

Shops:
D:3 (   D:7 :   D:12 ([   Orc:1 ?   Orc:2 !*:=

Annotations:
D:3 3 runed translucent doors, Pooter's ghost, amateur MiMo
D:9 1 runed translucent door
Lair:3 Asterion


Innate Abilities, Weirdness & Mutations

You cannot be hasted, slowed, berserked, paralysed or teleported.
You can dig through walls and to a lower floor.
You have a pair of large antennae on your head. (SInv)
Your four strong arms can wield two-handed weapons with a shield.


Message History

You now have 9/37 mp.
Casting: Iron Shot (dangerous; 1% risk of failure)
Confirm with . or Enter, or press ? or * to list all spells.
Aiming: Iron Shot (dangerous; 1% risk of failure)
Press: ? - help, Shift-Dir - straight line, f/p - Asterion
Aim: Asterion, wielding a +1 morningstar of draining, wearing a +0 chain mail and wearing a +0 kite shield (almost dead, fast, 100% to hit)
Asterion blocks the iron shot.
The Executioner hits you! x2
Your resistance to fire fades away.
You feel protected from physical attacks.
The Executioner hits you but does no damage.
Asterion hits you with a +1 morningstar of draining!
* * * LOW HITPOINT WARNING * * *
You feel drained.
* * * LOW HITPOINT WARNING * * *
You block Asterion's attack. You block the Executioner's attack.
The Executioner barely misses you.
The Executioner hits you but does no damage.
You block Asterion's attack. Asterion gores you.
* * * LOW HITPOINT WARNING * * *
The Executioner hits you.
* * * LOW HITPOINT WARNING * * *
The Executioner hits you but does no damage.
The Executioner hits you.
* * * LOW HITPOINT WARNING * * *
You take 33 damage, and have 13/92 hp.
MASSIVE DAMAGE!!
You now have 0/37 mp.
You feel much better.
The Executioner hits you but does no damage.
The Executioner barely misses you.
The Executioner hits you but does no damage.
The Executioner hits you!
* * * LOW HITPOINT WARNING * * *
You feel more protected from physical attacks.
You block the Executioner's attack. x2; Asterion closely misses you.
You block Asterion's attack. The Executioner hits you!
* * * LOW HITPOINT WARNING * * *
You block the Executioner's attack. The Executioner hits you.
* * * LOW HITPOINT WARNING * * *
You take 5 damage, and have 8/92 hp.
You are caught in the web!
The Executioner hits you!
You die...

#.........#.# ###...........#
#..........####......!......#
##...........##^.............###
.#........^#.####...<..........#
##.........#.#.#^#...........###
.#........#.^#^##°.#...........#
.........^.#^.##^#.#.........#.#
...........^##>1##^..........###
..........#.#.☼#@#.#.........#
##.#..#.P.#..H°..#..#.#..#.###
##.####..#^...#..#...####### ###
##...#####.^#### ##.###...^##
### ###(.# ####


You could see Asterion (fast) and an Executioner (summoned, fast).

Vanquished Creatures
  Louise (Spider:1)
  A dire elephant (Lair:5)
  The ghost of Oggein the Bludgeoner, a journeyman MyBe of Trog (Lair:3)
  An ettin (Orc:2)
  An entropy weaver (Spider:1)
  The ghost of CertainDeath the Severer, a journeyman MiGl of Gozag (D:12)
  Fannar (Lair:2)
  7 vault guards
  5 hydras
  A merfolk avatar (Lair:5)
  Erica (D:8)
  A two-headed ogre (D:11)
  2 centaur warriors
  3 boulder beetles
  2 orc high priests (Orc:2)
  3 tengu warriors
  4 death yaks (Lair:5)
  Nergalle (Lair:2)
  A pharaoh ant (Spider:1)
  2 steelbarb worms (Spider:1)
  Lodul (D:11)
  An orb spider (Spider:1)
  A sun moth (Spider:1)
  A lindwurm (Lair:5)
  3 deep elf pyromancers
  A necromancer (D:15)
  A wizard (D:15)
  10 orc knights
  A harpy (Lair:5)
  A deep elf zephyrmancer (D:15)
  6 ugly things
  3 cyclopes
  3 wolf spiders (Spider:1)
  3 orc sorcerers
  2 moths of wrath (Spider:1)
  2 manticores
  6 elephants
  2 black mambas
  Maurice (Orc:1)
  9 centaur zombies
  2 torpor snails (Lair:5)
  A naga mage (D:15)
  A guardian serpent (shapeshifter) (D:15)
  A gargoyle (D:12)
  8 cane toads
  2 demonic crawlers (Spider:1)
  Maggie (D:9)
  3 unseen horrors
  3 rime drakes (Lair:5)
  A tengu conjurer (D:14)
  12 komodo dragons
  A queen bee (shapeshifter) (D:15)
  A wolf spider simulacrum (D:15)
  3 meliai (Spider:1)
  5 polar bears
  12 slime creatures
  2 trolls
  A wind drake (Lair:5)
  3 tarantellas
  8 saltlings
  4 hornets
  Prince Ribbit (D:7)
  3 snapping turtles
  23 blink frogs
  2 jumping spiders
  8 dream sheep
  2 centaur simulacra
  3 wraiths (D:11)
  6 culicivoras
  Sigmund (D:3)
  4 shadows (D:11)
  2 vampires (D:11)
  A wyvern (Lair:2)
  A human (D:11)
  29 yaks
  4 hogs (D:11)
  2 vampire mosquitoes (D:13)
  Grum (D:9)
  3 steam dragons
  7 redbacks (Spider:1)
  2 basilisks
  4 wargs
  2 acid dragons
  18 water moccasins
  2 sky beasts (D:8)
  17 orc warriors
  3 black bears
  11 ogres
  4 wolves (D:9)
  3 boggarts (D:15)
  9 centaurs
  9 bullfrogs
  4 kobold brigands
  2 gnoll sergeants
  4 scorpions
  8 wights
  11 killer bees
  A howler monkey (D:8)
  7 jellies
  2 hounds
  9 orc priests
  Crazy Yiuf (D:3)
  2 gnoll boudas
  6 iguanas
  13 orc wizards
  Robin (D:2)
  21 gnolls
  7 adders
  A shadow imp (D:5)
  2 white imps
  2 ufetubi (D:4)
  A worm (D:2)
  2 dart slugs
  59 orcs
  5 ball pythons
  3 bats
  7 endoplasms
  2 giant cockroaches
  15 goblins
  5 hobgoblins
  2 jackals (D:3)
  A quokka (D:4)
  2 frilled lizards
  7 kobolds
  2 rats
577 creatures vanquished.

Vanquished Creatures (others)
  A culicivora (Spider:1)
  2 orc wizards (Orc:2)
  38 fungi
  3 pillars of salt (Orc:2)
  60 plants
  2 withered plants (D:11)
106 creatures vanquished.

Grand Total: 683 creatures vanquished

Notes
Turn   | Place    | Note
-------+----------+-------------------------------------------
     0 | D:1      | trckry the Formicid Earth Elementalist began the quest for
                  | the Orb.
     0 | D:1      | Reached XP level 1. HP: 13/13 MP: 3/3
   458 | D:1      | Reached XP level 2. HP: 19/19 MP: 1/5
   876 | D:2      | Found a faded altar of an unknown god.
  1020 | D:2      | Reached skill level 4 in Earth Magic
  1260 | D:2      | Reached XP level 3. HP: 24/24 MP: 3/6
  1403 | D:2      | Learned a level 3 spell: Stone Arrow
  1440 | D:3      | Noticed Robin
  1631 | D:2      | Killed Robin
  1632 | D:2      | Reached XP level 4. HP: 30/30 MP: 0/7
  2164 | D:3      | Found Lufuj's Weapon Shoppe.
  2341 | D:3      | Bought 3 curare-tipped darts for 21 gold pieces
  2464 | D:3      | Noticed Sigmund
  2505 | D:3      | Killed Sigmund
  2506 | D:3      | Reached skill level 1 in Conjurations
  2506 | D:3      | Reached skill level 5 in Earth Magic
  2506 | D:3      | Reached XP level 5. HP: 35/35 MP: 1/9
  2506 | D:3      | Reached XP level 6. HP: 41/41 MP: 1/10
  2777 | D:3      | Found a runed translucent door.
  2778 | D:3      | Noticed Crazy Yiuf
  2807 | D:3      | Found a burning altar of Makhleb.
  2812 | D:3      | Noticed a balrug
  2813 | D:3      | Found a glowing silver altar of Zin.
  2814 | D:3      | Noticed an angel
  2971 | D:3      | Noticed Pooter's ghost (amateur MiMo)
  2972 | D:3      | Found a runed translucent gate.
  2972 | D:3      | Found a runed translucent gate.
  2972 | D:3      | Found a runed translucent gate.
  3092 | D:3      | Killed Crazy Yiuf
  3537 | D:4      | Reached XP level 7. HP: 31/46 MP: 8/12
  3759 | D:4      | Reached skill level 6 in Earth Magic
  4624 | D:4      | Identified the +2 short sword of Dominance {venom, rPois
                  | rC- Will+ Str+4}
  4827 | D:5      | Entered Level 5 of the Dungeon
  5043 | D:5      | Noticed a water moccasin
  5061 | D:5      | HP: 3/46 [water moccasin (7)]
  5064 | D:5      | Killed a water moccasin
  5065 | D:5      | Reached skill level 7 in Earth Magic
  5065 | D:5      | Reached XP level 8. HP: 23/52 MP: 9/14
  5572 | D:5      | Found a staircase to the Ecumenical Temple.
  5867 | D:5      | Found an iron altar of Okawaru.
  5868 | D:5      | Found a bloodstained altar of Trog.
  6083 | Temple   | Entered the Ecumenical Temple
  6432 | D:6      | Reached skill level 8 in Earth Magic
  6794 | D:6      | Reached skill level 5 in Conjurations
  6794 | D:6      | Reached XP level 9. HP: 53/57 MP: 3/16
  6954 | D:6      | Found a glowing golden altar of the Shining One.
  7288 | D:6      | Reached skill level 5 in Spellcasting
  7482 | D:6      | Reached skill level 9 in Earth Magic
  7718 | D:6      | Found a sacrificial altar of Ru.
  8147 | D:7      | Noticed Prince Ribbit
  8152 | D:7      | Killed Prince Ribbit
  8221 | D:7      | Found a shimmering blue altar of Sif Muna.
  8621 | D:7      | HP: 6/57 [gnoll sergeant/+7 vorpal spear (13)]
  8992 | D:8      | Found a blossoming altar of Fedhas.
  9268 | D:8      | Reached skill level 10 in Earth Magic
  9366 | D:8      | Noticed a komodo dragon
  9370 | D:8      | Killed a komodo dragon
  9371 | D:8      | Reached XP level 10. HP: 63/63 MP: 5/19
  9378 | D:8      | Learned a level 3 spell: Ozocubu's Armour
  9385 | D:8      | Learned a level 6 spell: Iron Shot
  9393 | D:8      | Learned a level 7 spell: Ozocubu's Refrigeration
  9501 | D:8      | Found a staircase to the Lair.
  9639 | D:8      | Reached skill level 1 in Ice Magic
 10016 | D:8      | Reached skill level 11 in Earth Magic
 10133 | D:8      | Noticed Erica
 10148 | D:8      | Killed Erica
 10350 | D:8      | Found a shimmering altar of Xom.
 10366 | D:8      | Noticed a deep elf pyromancer
 10373 | D:8      | Killed a deep elf pyromancer
 11052 | D:7      | Found Roalujic's Vocational Training.
 11304 | D:7      | Found a snail-covered altar of Cheibriados.
 11751 | D:9      | Found a radiant altar of Vehumet.
 11938 | D:9      | Noticed Grum
 11945 | D:9      | Reached skill level 1 in Shields
 11948 | D:9      | Killed Grum
 11951 | D:9      | Reached skill level 1 in Fighting
 11974 | D:9      | Reached XP level 11. HP: 60/70 MP: 3/20
 12530 | D:9      | Noticed Maggie
 12535 | D:9      | Killed Maggie
 12616 | D:9      | Reached skill level 12 in Earth Magic
 12621 | D:9      | Reached skill level 5 in Ice Magic
 12821 | D:9      | Found a runed translucent door.
 12830 | D:9      | Found a basalt altar of Yredelemnul.
 12915 | D:10     | Entered Level 10 of the Dungeon
 12944 | D:10     | Found a stormy altar of Qazlal.
 12952 | D:10     | Became a worshipper of Qazlal Stormbringer
 13709 | D:10     | Found a sparkling altar of Nemelex Xobeh.
 13811 | D:11     | Noticed a two-headed ogre
 13817 | D:11     | Killed a two-headed ogre
 14543 | D:11     | HP: 8/75 [centaur warrior zombie (5)]
 14547 | D:11     | Reached * piety under Qazlal
 14555 | D:11     | Reached skill level 13 in Earth Magic
 14555 | D:11     | Reached XP level 12. HP: 25/81 MP: 4/21
 15230 | D:11     | Reached skill level 5 in Shields
 15490 | D:11     | Found a broken altar of Ashenzari.
 16415 | D:11     | Reached XP level 13. HP: 90/90 MP: 22/22
 16468 | D:12     | Reached skill level 10 in Conjurations
 16468 | D:12     | Noticed Lodul
 16721 | D:11     | Killed Lodul
 17206 | D:12     | Reached ** piety under Qazlal
 17280 | D:12     | Found Monku's Weapon Shoppe.
 17280 | D:12     | Found a staircase to the Orcish Mines.
 17283 | D:12     | Found Qehit's Armour Shoppe.
 17527 | D:12     | Identified the +1 leather armour "Femmaump" {Harm Will-
                  | Int+6 Slay+2}
 17873 | D:12     | Found a large runed translucent door.
 17874 | D:12     | Found a large runed translucent door.
 17875 | D:12     | Noticed CertainDeath's ghost (journeyman MiGl)
 17905 | D:12     | Reached skill level 14 in Earth Magic
 18113 | D:12     | Reached skill level 5 in Fighting
 18197 | D:12     | Noticed a three-headed hydra
 18202 | D:12     | Killed a three-headed hydra
 18665 | Lair:1   | Entered Level 1 of the Lair of Beasts
 19243 | Lair:1   | Reached XP level 14. HP: 98/98 MP: 19/23
 20732 | Lair:2   | Reached skill level 1 in Armour
 20732 | Lair:2   | Reached skill level 1 in Evocations
 21119 | Lair:1   | HP: 3/98 [cane toad (17)]
 21124 | Lair:1   | HP: 9/98 [cane toad (24)]
 21367 | Lair:2   | Reached *** piety under Qazlal
 21449 | Lair:2   | Noticed Nergalle
 21468 | Lair:2   | Killed Nergalle
 21469 | Lair:2   | Reached skill level 10 in Ice Magic
 21819 | Lair:2   | Noticed Fannar
 21828 | Lair:2   | Killed Fannar
 23053 | Lair:3   | Found a white marble altar of Elyvilon.
 23070 | Lair:3   | You fall into a shaft and drop 2 floors!
 23070 | Lair:5   | Entered Level 5 of the Lair of Beasts
 23070 | Lair:5   | Found a staircase to the Slime Pits.
 23070 | Lair:5   | Found a viscous altar of Jiyva.
 23214 | Lair:5   | Reached skill level 10 in Invocations
 24112 | Lair:5   | Reached skill level 15 in Earth Magic
 24487 | Lair:5   | Reached XP level 15. HP: 99/105 MP: 3/25
 25120 | Lair:5   | HP: 20/159 [snapping turtle (13)]
 25138 | Lair:5   | HP: 14/106 [snapping turtle (6)]
 25139 | Lair:5   | HP: 4/106 [snapping turtle (13)]
 25300 | Lair:4   | Reached **** piety under Qazlal
 25310 | Lair:4   | HP: 13/104 [dream sheep (16)]
 25678 | Lair:3   | Found a hole to the Spider Nest.
 25685 | Lair:3   | Found a runed translucent gate.
 25685 | Lair:3   | Found a runed translucent gate.
 25685 | Lair:3   | Found a runed translucent gate.
 25688 | Lair:3   | Noticed Oggein's ghost (journeyman MyBe)
 25862 | Lair:3   | Found a staircase to the Shoals.
 26200 | Lair:3   | Identified a scroll of acquirement
 26200 | Lair:3   | Acquired 469 gold pieces
 26454 | Lair:4   | Identified the ring of Voer {rC- Will+ rCorr Dex+10}
 27712 | Orc:1    | Entered Level 1 of the Orcish Mines
 27712 | Orc:1    | Found Caveutig's Magic Scroll Shoppe.
 28132 | Orc:1    | Found a shimmering altar of Xom.
 28139 | Orc:1    | Noticed Maurice
 28143 | Orc:1    | Killed Maurice
 28387 | Orc:2    | Entered Level 2 of the Orcish Mines
 28583 | Orc:2    | Found a staircase to the Elven Halls.
 29558 | Orc:2    | Found Echiskec's Distillery.
 30209 | Orc:2    | Found Huafowk's Jewellery Boutique.
 30247 | Orc:2    | Reached ***** piety under Qazlal
 30616 | Orc:2    | Found Luqus's General Store.
 30618 | Orc:2    | Found Nonaff's Book Shoppe.
 30628 | Orc:2    | Bought a potion of curing for 48 gold pieces
 30628 | Orc:2    | Bought a wand of paralysis (2) for 76 gold pieces
 30646 | Orc:2    | Bought a potion of heal wounds for 90 gold pieces
 30646 | Orc:2    | Bought a potion of curing for 54 gold pieces
 30646 | Orc:2    | Bought a potion of heal wounds for 90 gold pieces
 30736 | D:12     | Killed CertainDeath's ghost
 32288 | D:13     | Found a gate to the Vaults.
 32301 | D:13     | Found a shimmering blue altar of Sif Muna.
 32661 | D:13     | Reached XP level 16. HP: 95/115 MP: 8/28
 33301 | D:14     | Identified the +1 leather armour of the Salamander {Dex+2}
 33338 | D:14     | Identified the +1 leather armour of Fun {rElec}
 34165 | D:15     | Entered Level 15 of the Dungeon
 34530 | D:15     | Reached skill level 5 in Evocations
 35896 | D:15     | Found a staircase to the Depths.
 36289 | Spider:1 | Entered Level 1 of the Spider Nest
 36292 | Spider:1 | Noticed Louise
 36711 | Lair:3   | Killed Oggein's ghost
 36717 | Lair:3   | Identified the +2 fire dragon scales of Gayva {Fly rElec
                  | rF++ rC- Regen+ Dex+4}
 37011 | Spider:1 | Killed Louise
 37012 | Spider:1 | Reached skill level 16 in Earth Magic
 38380 | Spider:1 | Noticed Asterion
 38626 | Spider:1 | Noticed an Executioner
 38631 | Lair:3   | Noticed an Executioner
 38633 | Lair:3   | HP: 13/92 [Executioner[Asterion] (2)]
 38635 | Lair:3   | Slain by an Executioner

Illustrated notes

Levels and vault maps discovered:
D:1:      lemuel_arrival_broad_hall, layout_basic, grunt_decor_arrowhead,
          kennysheep_another_room
D:2:      layout_loops_ring, dreamdust_ecumenical_altar_grove
D:3:      layout_loops_ring, grunt_temple_overflow_order_and_chaos_2,
          serial_shops, nicolae_shop_bloodbath_and_beyond,
          gammafunk_ghost_nasty_kobolds, minmay_strange_pillars,
          uniq_crazy_yiuf_cottage, uniq_sigmund, uniq_robin
D:4:      layout_basic
D:5:      layout_basic, grunt_temple_overflow_bloody_war,
          minmay_temple_entry_trees
D:6:      layout_basic, mainiacjoe_overflow_alcove_1,
          nicolae_ru_great_annihilating_truth
D:7:      layout_cave_pods, kennysheep_little_box, kennysheep_slug_shrine,
          nicolae_shop_vocational, uniq_prince_ribbit1
D:8:      layout_layer_cave, nicolae_overflow_hidden_temple,
          mainiacjoe_overflow_24_doors, grunt_lair_entry_orc_guard_hut,
          uniq_erica
D:9:      layout_long_grid, vehumet_altar_wand_db, dk_yredelemnul_ordeal,
          uniq_maggie, uniq_grum
D:10:     layout_basic, nicolae_qazlal_style_of_elements,
          nemelex_diamond_rough_becter, reono_crystal_passage
D:11:     layout_grid_maze, serial_undead, serial_undead_e, serial_undead_b,
          serial_undead_a, serial_undead_f, grunt_livestock, minivault_19,
          ashenzari_altar_1
D:12:     layout_long_grid, orc_david_3, ebering_ghost_disaster_area,
          hangedman_ranch, uniq_lodul
D:13:     layout_loops_cross, erik_vaults_2, nicolae_sif_muna_condensation
D:14:     layout_basic
D:15:     grunt_enter_depths_magical_seal, layout_rooms,
          chequers_serial_rivers_small_a
Temple:   nicolae_temple_colour_theory
Lair:1:   layout_roguey
Lair:2:   layout_loops_ring, infiniplex_staircase_pool, lemuel_fruit_fields,
          grunt_megastairs_1, serial_bayou_shore_b, uniq_nergalle, uniq_fannar
Lair:3:   layout_long_grid, minmay_shoals_entry_hut, spider_nest_entry_rubble,
          basic_altar, gammafunk_ghost_hydra_chop
Lair:4:   layout_small_grid
Lair:5:   gammafunk_lair_ancient_temple, layout_misc_corridors,
          nicolae_slime_entry_slimehenge
Spider:1: layout_spider_delve, uniq_asterion, uniq_louise
Orc:1:    layout_diamond_mine, serial_shops, shop, basic_altar, uniq_maurice
Orc:2:    hellmonk_orc_salted, layout_caves, basic_altar

Skill      XL: |  1  2  3  4  5  6  7  8  9 10 11 12 13 14 15 16 |
---------------+-------------------------------------------------+-----
Earth Magic    | 4 5 7 8 10 11 13 14 15 16 | 16.1
Dodging        | 2 3 |  3.0
Stealth        | 3 |  3.0
Transmutations | 2 3 |  3.0
Spellcasting   | 3 4 6 7 8 |  8.8
Conjurations   | 1 2 3 5 7 8 9 10 11 12 | 12.7
Ice Magic      | 4 6 9 10 11 12 | 12.4
Shields        | 1 4 5 6 |  6.0
Fighting       | 1 3 4 5 6 7 8 |  8.2
Invocations    | 7 8 10 11 13 | 13.0
Armour         | 2 3 |  3.0
Evocations     | 2 4 5 |  5.9

Action                   |  1- 3 |  4- 6 |  7- 9 | 10-12 | 13-15 | 16-18 || total
-------------------------+-------+-------+-------+-------+-------+-------++-------
Melee: Halberd           |       |     4 |    18 |       |       |       ||    22
       Short sword       |       |       |    58 |    16 |       |       ||    74
       Punch             |       |       |     2 |       |       |       ||     2
       Quarterstaff      |       |       |       |    33 |   183 |    37 ||   253
Throw: Dart              |       |       |     2 |     2 |     3 |       ||     7
 Cast: Sandblast         |    39 |    41 |    49 |    26 |    40 |     3 ||   198
       Stone Arrow       |       |     8 |    91 |   212 |   474 |    30 ||   815
       Iron Shot         |       |       |       |       |   104 |   136 ||   240
       Ozocubu's Armour  |       |       |       |       |     6 |     3 ||     9
Invok: Upheaval          |       |       |       |       |     6 |     3 ||     9
       Disaster Area     |       |       |       |       |       |     1 ||     1
 Abil: Dig               |       |       |       |       |     1 |       ||     1
Evoke: Wand              |       |       |       |       |     1 |       ||     1
  Use: Potion            |       |       |     2 |     2 |    14 |    12 ||    30
       Scroll            |       |       |       |     9 |    20 |       ||    29
 Stab: Sleeping          |       |       |     1 |       |       |       ||     1
Armor: Robe              |     8 |     1 |    15 |   105 |    84 |    43 ||   256
       Skin              |       |       |       |       |    50 |    29 ||    79
Dodge: Dodged            |    24 |    23 |    96 |   126 |   176 |    83 ||   528
       Repelled          |       |       |       |       |     2 |     2 ||     4
Block: Buckler           |       |       |       |    56 |   224 |   100 ||   380

Table legend: (Time is in decaauts)
 A = Elapsed time spent in this place.
 B = Non-inter-level travel time spent in this place.
 C = Inter-level travel time spent in this place.
 D = Time resting spent in this place.
 E = Time spent auto-exploring this place.
 F = Levels seen in this place.
 G = Mean time per level.
                   A        B        C        D        E       F      G
               +--------+--------+--------+--------+--------+-----+--------+
         Total |  38897 |  37196 |   1701 |   5762 |  25285 |  24 | 1620.7 |
       Dungeon |  24389 |  23106 |   1283 |   2059 |  17440 |  15 | 1625.9 |
        Temple |     74 |     74 |      0 |      0 |     64 |   1 |   74.0 |
          Lair |  10854 |  10593 |    261 |   2611 |   6173 |   5 | 2170.8 |
   Spider Nest |    562 |    562 |      0 |    229 |    106 |   1 |  562.0 |
  Orcish Mines |   3016 |   2859 |    157 |    863 |   1501 |   2 | 1508.0 |
               +--------+--------+--------+--------+--------+-----+--------+

Top non-repeatable levels by time:
    D:11: 3372 daAuts
  Lair:3: 3317 daAuts
  Lair:5: 2621 daAuts
    D:12: 2577 daAuts
     D:8: 2368 daAuts
  Lair:1: 2131 daAuts
     D:6: 1880 daAuts
  Lair:2: 1728 daAuts
    D:14: 1711 daAuts
     D:3: 1623 daAuts
     D:4: 1531 daAuts
   Orc:1: 1513 daAuts
   Orc:2: 1502 daAuts
     D:7: 1378 daAuts
    D:15: 1373 daAuts
